 Dungeon Sprint DCSS version 0.20.1-1-g8b1a95d (console) character file.

6900000 hilaritas the Axe Maniac (level 27, -1/323 HPs)
             Began as a Troll Gladiator on Feb 14, 2018.
             Was the Champion of Makhleb.
             Engulfed by a cloud of flame (3 damage)
             ... in the Dungeon (Sprint VIII: "Arena of Blood").
             The game lasted 00:04:07 (69 turns).

hilaritas the Axe Maniac (Troll Gladiator)            Turns: 69, Time: 00:04:08

Health: -1/323     AC:  7    Str: 39    XL:     27
Magic:  29/53      EV: 24    Int:  4    God:    Makhleb [******]
Gold:   0          SH:  0    Dex: 11    Spells: 80/80 levels left

rFire    + . .     SeeInvis .   l - +∞ Axe of Woe
rCold    . . .     Gourm    +   (shield currently unavailable)
rNeg     . . .     Faith    .   b - +0 robe
rPois    .         Spirit   .   c - +0 hat
rElec    .         Reflect  .   (no cloak)
rCorr    .         Harm     .   (gloves unavailable)
MR       ++...     NoTele   +   (boots unavailable)
Stlth    +++++++++.             (no amulet)
Regen    1.1/turn               m - ring of protection from fire
MPRegen  0.4/turn               (no ring)

@: no status effects
A: unfitting armour, claws 3, fast metabolism 3, gourmand, regeneration 1,
shaggy fur 1, tough skin 2
a: Minor Destruction, Lesser Servant of Makhleb, Major Destruction, Greater
Servant of Makhleb, Renounce Religion


You were in the Dungeon.
You worshipped Makhleb.
Makhleb was exalted by your worship.
You were not hungry.

You visited 1 branch

Inventory:

Hand Weapons
 a - a +0 war axe
 l - the +∞ Axe of Woe (weapon)
   (You found it in the Dungeon)
Missiles
 d - 3 throwing nets (quivered)
Armour
 b - a +0 robe (worn)
 c - a +0 hat (worn)
Jewellery
 m - a ring of protection from fire (left claw)
Scrolls
 k - a scroll of blinking
Potions
 e - a potion of curing
 h - a potion of haste
 i - 2 potions of magic
 j - a potion of berserk rage
Comestibles
 f - 2 bread rations


   Skills:
 O Level 27 Fighting
 O Level 27 Axes
 O Level 27 Throwing
 O Level 27 Armour
 O Level 27 Dodging
 O Level 27 Stealth
 O Level 27 Unarmed Combat
 O Level 27 Spellcasting
 O Level 27 Invocations


You had 80 spell levels left.
You didn't know any spells.

Dungeon Overview and Level Annotations

Branches:
Dungeon (1/1)

Altars:
Makhleb


Innate Abilities, Weirdness & Mutations

You are too large for most types of armour.
You have claws for hands.
Your metabolism is lightning-fast.
You like to eat raw meat.
Your natural rate of healing is unusually fast.
You are covered in fur. (AC +1)
You have very tough skin. (AC +2)


Message History

You hear a shout!
The eight-headed meat hydra calls on the powers of darkness!
The eight-headed meat hydra convulses!
The large bag of meat convulses! x2
Your body is wracked with pain!
* * * LOW HITPOINT WARNING * * *
The accursed casts a spell at you. Something smites you!
* * * LOW HITPOINT WARNING * * *
You hear a shout!
A meat berserker comes into view. It is wielding a +9 battleaxe.
The meat beast croaks.
The tyrant shouts!
You slice the large bag of meat!!
You slaughter the large bag of meat joyfully.
The large bag of meat explodes!
The fiery explosion engulfs the large bag of meat.
The fiery explosion engulfs you! You resist.
* * * LOW HITPOINT WARNING * * *
Makhleb accepts your kill.
You are engulfed in blazing flames.
You resist.
You die...

M#.L....# .......# .
. #D.....# # ..O.
..O.%%# #
......o...##2....#
###....%%.§.o...%..#
......%....###..)..#
................@§.#
.%.%...#.#....§§§§%#
.............))O§§§#
..))§)#)#)#))§§))))#
)))§))))))))§)))W..#
..)§§))#)#)#))#....#
###....§....D#.....#
#.............#.%..#
#............#.....#
.....%%.....D......#
....#...#%.....##..#


You could see an accursed, a meat beast, a tyrant, 2 eight-headed meat hydras, a
large bag of meat (inner flame), a dread, 2 meat berserkers and a bag of meat.

Vanquished Creatures
  2 greater mummies (D)
  9 vampire knights (D)
  22 ogres (D)
  8 two-headed ogres (D)
  A hydra (D)
  72 orcs (D)
  3 skeletal warriors (D)
  3 small abominations (D)
  4 large abominations (D)
  3 crawling corpses (D)
127 creatures vanquished.

Notes
Turn   | Place    | Note
-------+----------+-------------------------------------------
     0 | D        | hilaritas the Troll Gladiator began the quest for the Orb.
     0 | D        | Reached XP level 1. HP: 19/19 MP: 0/0
     3 | D        | Noticed a meat berserker
     3 | D        | Killed a meat berserker
     3 | D        | Reached skill level 10 in Fighting
     3 | D        | Reached XP level 2. HP: 45/45 MP: 1/1
     3 | D        | Reached XP level 3. HP: 53/53 MP: 2/2
     3 | D        | Reached XP level 4. HP: 61/61 MP: 3/3
     3 | D        | Reached XP level 5. HP: 68/68 MP: 4/4
     3 | D        | Reached XP level 6. HP: 78/78 MP: 5/5
     3 | D        | Reached XP level 7. HP: 85/85 MP: 6/6
     3 | D        | Reached XP level 8. HP: 93/93 MP: 7/7
     3 | D        | Reached XP level 9. HP: 101/101 MP: 8/8
     3 | D        | Reached XP level 10. HP: 110/110 MP: 9/9
     3 | D        | Reached XP level 11. HP: 117/117 MP: 10/10
     3 | D        | Reached XP level 12. HP: 126/126 MP: 11/11
     3 | D        | Reached XP level 13. HP: 133/133 MP: 12/12
     4 | D        | Noticed a bag of meat
     4 | D        | Noticed a bag of meat
     5 | D        | Noticed a bag of meat
     5 | D        | Noticed a meat berserker
     5 | D        | Became a worshipper of Makhleb the Destroyer
     6 | D        | Killed a meat berserker
     6 | D        | Reached XP level 14. HP: 101/143 MP: 13/13
     7 | D        | Noticed a meat berserker
     8 | D        | Killed a bag of meat
     8 | D        | Reached * piety under Makhleb
     8 | D        | Killed a bag of meat
     8 | D        | Reached skill level 27 in Axes
     8 | D        | Reached XP level 15. HP: 96/152 MP: 14/14
     9 | D        | Noticed a meat berserker
     9 | D        | Noticed a meat berserker
    10 | D        | Noticed a meat berserker
    10 | D        | Killed a meat berserker
    13 | D        | Reached ** piety under Makhleb
    13 | D        | Reached XP level 16. HP: 167/197 MP: 15/15
    14 | D        | Noticed a destroyer
    14 | D        | Killed a meat berserker
    16 | D        | Reached skill level 27 in Fighting
    16 | D        | Reached XP level 17. HP: 120/226 MP: 16/16
    16 | D        | Reached *** piety under Makhleb
    16 | D        | Killed a meat berserker
    17 | D        | Killed a destroyer
    17 | D        | Reached skill level 27 in Dodging
    17 | D        | Reached XP level 18. HP: 212/236 MP: 16/26
    17 | D        | Reached **** piety under Makhleb
    17 | D        | Reached skill level 15 in Invocations
    18 | D        | Noticed a meat berserker
    18 | D        | Noticed a meat berserker
    19 | D        | Noticed a meat berserker
    19 | D        | Killed a meat berserker
    19 | D        | Reached XP level 19. HP: 217/245 MP: 16/31
    20 | D        | Noticed a large bag of meat
    21 | D        | Noticed a meat berserker
    21 | D        | Reached ***** piety under Makhleb
    21 | D        | Reached XP level 20. HP: 256/256 MP: 16/35
    22 | D        | Noticed a meat berserker
    22 | D        | Noticed a destroyer
    22 | D        | Killed a meat berserker
    22 | D        | Reached skill level 27 in Armour
    22 | D        | Reached skill level 27 in Invocations
    23 | D        | Noticed a large bag of meat
    23 | D        | Noticed a meat berserker
    23 | D        | Noticed a meat berserker
    24 | D        | Noticed a meat berserker
    24 | D        | Killed a large bag of meat
    24 | D        | Reached XP level 21. HP: 201/265 MP: 17/37
    24 | D        | Reached ****** piety under Makhleb
    24 | D        | Reached XP level 22. HP: 275/275 MP: 17/38
    25 | D        | Noticed a destroyer
    26 | D        | Reached skill level 27 in Stealth
    27 | D        | Noticed a destroyer
    27 | D        | Noticed a destroyer
    28 | D        | Killed a destroyer
    28 | D        | Reached skill level 27 in Throwing
    28 | D        | Reached XP level 23. HP: 207/284 MP: 18/39
    29 | D        | Reached skill level 15 in Spellcasting
    29 | D        | Reached XP level 24. HP: 295/295 MP: 18/43
    29 | D        | Reached skill level 27 in Unarmed Combat
    30 | D        | Noticed a large bag of meat
    31 | D        | Killed a destroyer
    31 | D        | Reached skill level 27 in Spellcasting
    31 | D        | Reached XP level 25. HP: 304/304 MP: 18/53
    32 | D        | Killed a destroyer
    34 | D        | Reached XP level 26. HP: 314/314 MP: 19/53
    36 | D        | Noticed a destroyer
    38 | D        | Noticed a large bag of meat
    38 | D        | Reached XP level 27. HP: 323/323 MP: 20/53
    39 | D        | Killed a destroyer
    39 | D        | Noticed a destroyer
    40 | D        | Noticed a large bag of meat
    43 | D        | Killed a large bag of meat
    43 | D        | Killed a destroyer
    44 | D        | Noticed a large bag of meat
    46 | D        | Noticed an accursed
    46 | D        | Killed a large bag of meat
    47 | D        | Noticed a destroyer
    47 | D        | Noticed a large bag of meat
    48 | D        | Killed a large bag of meat
    48 | D        | Killed a large bag of meat
    49 | D        | Noticed a large bag of meat
    50 | D        | Killed an accursed
    50 | D        | Killed a large bag of meat
    52 | D        | Noticed an accursed
    52 | D        | Killed a destroyer
    57 | D        | Killed a destroyer
    61 | D        | Noticed a large bag of meat
    61 | D        | Killed a large bag of meat
    62 | D        | Noticed a dread
    63 | D        | Noticed a destroyer
    63 | D        | Killed an accursed
    64 | D        | Noticed a tyrant
    64 | D        | Noticed an accursed
    67 | D        | Noticed a tyrant
    67 | D        | Killed a destroyer
    67 | D        | HP: 30/323 [??? (28)]
    68 | D        | Noticed a meat beast
    68 | D        | HP: 13/323 [accursed/divine providence (12)]
    69 | D        | Killed a large bag of meat
    69 | D        | HP: 2/323 [large bag of meat/exploding inner flame (11)]
    69 | D        | Engulfed by a cloud of flame

Skill      XL: |  1  2  3  4  5  6  7  8  9 10 11 12 13 14 15 16 17 18 19 20 21 22 23 24 |
---------------+-------------------------------------------------------------------------+-----
Fighting       | 10 21 27 | 27.0
Axes           | 17 23 27 | 27.0
Throwing       | 11 27 | 27.0
Dodging        | 17 18 27 | 27.0
Armour         | 11 17 23 27 | 27.0
Invocations    | 12 19 25 27 | 27.0
Stealth        | 17 25 27 | 27.0
Unarmed Combat | 25 27 | 27.0
Spellcasting   | 17 27 | 27.0

Action                   |  1- 3 |  4- 6 |  7- 9 | 10-12 | 13-15 | 16-18 | 19-21 | 22-24 | 25-27 || total
-------------------------+-------+-------+-------+-------+-------+-------+-------+-------+-------++-------
Melee: Executioner's axe |     1 |       |       |       |     4 |     4 |     3 |     4 |    23 ||    39
  Use: Potion            |       |       |       |       |       |       |       |       |     1 ||     1
Armor: Robe              |       |       |       |       |       |       |       |       |     1 ||     1
Dodge: Dodged            |       |       |       |       |       |     1 |       |     1 |     6 ||     8
